 Dungeon Crawl Stone Soup version 0.28.0-53-g5a82cb258f (webtiles) character file.

Game seed: 5165966992598766941

51 Peloso the Covered (level 3, 0/33 HPs)
             Began as a Minotaur Fighter on May 21, 2022.
             Slain by an endoplasm (1 damage)
             ... on level 2 of the Dungeon.
             The game lasted 00:01:20 (911 turns).

Peloso the Covered (Minotaur Fighter)                Turns: 911, Time: 00:01:21

Health: 0/33       AC:  9    Str: 20    XL:     3   Next: 58%
Magic:  2/2        EV:  7    Int:  5    God:
Gold:   48         SH:  4    Dex: 11    Spells: 2/2 levels left

rFire   . . .      SeeInvis .   a - +0 long sword
rCold   . . .      Faith    .   c - +0 buckler
rNeg    . . .      Spirit   .   e - +0 chain mail
rPois   .          Reflect  .   (helmet restricted)
rElec   .          Harm     .   (no cloak)
rCorr   .          Rampage  .   (no gloves)
Will    .....                   (no boots)
Stlth   ..........              (no amulet)
HPRegen 0.11/turn               (no ring)
MPRegen 0.08/turn               (no ring)

@: no status effects
A: horns 2, retaliatory headbutt
a: no special abilities


You were on level 2 of the Dungeon.
You visited 1 branch of the dungeon, and saw 2 of its levels.

You collected 48 gold pieces.

Inventory:

Hand Weapons
 a - a +0 long sword (weapon)
Armour
 b - a +0 scale mail
 c - a +0 buckler (worn)
 e - a +0 chain mail (worn)
Scrolls
 g - a scroll of fear {unknown}
Potions
 d - a potion of might
 f - a potion of degeneration {unknown}


   Skills:
 + Level 4.1 Fighting
 + Level 3.2 Long Blades
 + Level 4.2 Armour
 + Level 0.2 Dodging
 + Level 4.2 Shields


You had 2 spell levels left.
You didn't know any spells.
Your spell library was empty.

Dungeon Overview and Level Annotations

Branches:
Dungeon (1/15)

Altars:


Innate Abilities, Weirdness & Mutations

You have a pair of horns on your head.
You reflexively headbutt those who attack you in melee.


Message History

The adder is almost dead.
The adder bites you but does no damage. The adder bites you.
You barely miss the adder.
The adder is almost dead.
The adder bites you but does no damage.
You miss the adder.
The adder is almost dead.
The adder bites you but does no damage. The adder bites you.
You are poisoned.
The adder poisons you!
You barely miss the adder.
The adder is almost dead.
You feel very sick. The adder barely misses you. You furiously retaliate!
You headbutt the adder!
You kill the adder!
Your Long Blades skill increases to level 3!
You barely miss the jackal.
You feel sick. The jackal bites you. x2
* * * LOW HITPOINT WARNING * * *
You slash the jackal!
You kill the jackal!
You feel sick.
You slash the endoplasm!
You kill the endoplasm!
You feel sick.
You hit the endoplasm.
The endoplasm is almost dead.
You feel sick.
You are no longer poisoned.
The endoplasm freezes you.
You are frozen.
* * * LOW HITPOINT WARNING * * *
The endoplasm freezes you.
You are frozen.
* * * LOW HITPOINT WARNING * * *
A quokka comes into view.
Okay, then.
You barely miss the endoplasm.
The endoplasm is almost dead.
The endoplasm hits you.
You die...

####
#########....
#..@JSr......
#.###S..###J
#.#G#...#G#
#.###...###
#...?....(...#
#....._..r...#
#............#
#.###...###..#
#..#G#...#G#..#


You could see a golden eye, an endoplasm, 2 quokkas and 2 ball pythons.

Vanquished Creatures
  An adder (D:2)
  A dart slug (D:1)
  4 ball pythons (D:1)
  4 endoplasms
  2 giant cockroaches (D:1)
  4 goblins (D:1)
  A hobgoblin (D:1)
  4 jackals
  2 quokkas (D:1)
  6 bats
  2 kobolds (D:1)
  4 rats (D:1)
35 creatures vanquished.

Notes
Turn   | Place    | Note
-------+----------+-------------------------------------------
     0 | D:1      | Peloso the Minotaur Fighter began the quest for the Orb.
     0 | D:1      | Reached XP level 1. HP: 19/19 MP: 0/0
   290 | D:1      | Reached XP level 2. HP: 27/27 MP: 1/1
   571 | D:1      | Reached XP level 3. HP: 33/33 MP: 2/2
   882 | D:1      | You fall into a shaft and drop 1 floor!
   882 | D:2      | Noticed an eye of devastation
   882 | D:2      | Noticed a golden eye
   882 | D:2      | Noticed a shining eye
   882 | D:2      | Noticed a floating eye
   882 | D:2      | Found a faded altar of an unknown god.
   910 | D:2      | HP: 1/33 [frozen (3)]
   911 | D:2      | Slain by an endoplasm

Illustrated notes

Levels and vault maps discovered:
D:1:      dpeg_arrival_brainrot, layout_basic, st_stairs_11,
          minmay_splitting_lines
D:2:      layout_basic, hellmonk_ecumenical_altar_watching_god, uniq_robin

Skill      XL: |  1  2  3 |
---------------+----------+-----
Fighting       | 4 |  4.1
Shields        | 4 |  4.2
Armour         | 4 |  4.2
Long Blades    | 3 |  3.2
Dodging        | |  0.2

Action                   || total
-------------------------++-------
Melee: Long sword        ||    77
       Headbutt          ||     8
Armor: Chain mail        ||    56
       Scale mail        ||     1
Dodge: Dodged            ||    35
Block: Buckler           ||    18
